 Dungeon Crawl Stone Soup version 0.27-a0-394-g49c82dfaf2 (webtiles) character file.

Game seed: 6034006453272655072

338 Anon1729 the Skirmisher (level 6, -1/56 HPs)
             Began as a Ghoul Wanderer on Feb 20, 2021.
             Slain by a gnoll
             ... wielding a +0 whip
              (2 damage)
             ... on level 3 of the Dungeon.
             The game lasted 00:07:23 (4926 turns).

Anon1729 the Skirmisher (Ghoul Wanderer)            Turns: 4926, Time: 00:07:23

Health: -1/56      AC:  9    Str: 18    XL:     6   Next: 55%
Magic:  6/6        EV: 10    Int:  8    God:
Gold:   214        SH:  0    Dex:  7    Spells: 5/5 levels left

rFire    . . .     SeeInvis .   r - +2 flail (drain)
rCold    + . .     Faith    .   (no shield)
rNeg     + + +     Spirit   .   b - +2 scale mail
rPois    ∞         Reflect  .   (no helmet)
rElec    .         Harm     .   (no cloak)
rCorr    .         Rampage  .   (no gloves)
Will     .....                  (no boots)
Stlth    +.........             (no amulet)
HPRegen  0.00/turn              (no ring)
MPRegen  0.10/turn              (no ring)

@: glowing
A: claws 1, cold resistance 1, negative energy resistance 3, inhibited
regeneration, torment resistance, unbreathing
a: no special abilities


You were on level 3 of the Dungeon.
You visited 1 branch of the dungeon, and saw 3 of its levels.

You collected 214 gold pieces.

Inventory:

Hand Weapons
 a - a +0 spear
 p - a +0 halberd of venom
 r - a +2 flail of draining (weapon)
Armour
 b - a +2 scale mail (worn)
Wands
 o - a wand of polymorph (3)
Scrolls
 c - 2 scrolls of teleportation
 d - 4 scrolls of noise {unknown}
 g - a scroll of enchant armour {unknown}
 h - 2 scrolls of identify {unknown}
 i - a scroll of magic mapping {unknown}
 l - a scroll of enchant weapon {unknown}
Potions
 e - 2 potions of brilliance {unknown}
 f - 3 potions of heal wounds
 j - a potion of curing {unknown}
 k - a potion of resistance {unknown}
 m - a potion of ambrosia {unknown}
 n - 2 potions of attraction {unknown}
 q - a potion of degeneration {unknown}


   Skills:
 * Level 5.6 Fighting
 + Level 1.2 Short Blades
 - Level 1.0 Throwing
 + Level 4.4 Armour
 + Level 2.0 Dodging
 + Level 3.2 Stealth
 * Level 2.5 Invocations


You had 5 spell levels left.
You didn't know any spells.
Your spell library was empty.

Dungeon Overview and Level Annotations

Branches:
Dungeon (3/15)

Altars:
Elyvilon


Innate Abilities, Weirdness & Mutations

You thrive by killing the living.
You are immune to poison.
You have sharp fingernails.
Your flesh is cold resistant. (rC+)
You are immune to negative energy. (rN+++)
You do not regenerate when monsters are visible.
You are immune to unholy pain and torment.
You can survive without breathing.


Message History

The gnoll shaman is heavily wounded.
The gnoll hits you from afar with a +0 spear.
The gnoll shaman closely misses you. The gnoll closely misses you.
Unknown command.
You hit the gnoll shaman but do no damage.
You drain the gnoll shaman.
The gnoll shaman is severely wounded.
The gnoll barely misses you.
The gnoll shaman hits you but does no damage.
The gnoll hits you from afar with a +0 spear.
* * * LOW HITPOINT WARNING * * *
The gnoll shaman closely misses you.
You hit the gnoll shaman but do no damage.
The gnoll shaman is severely wounded.
The gnoll barely misses you. x2
The gnoll shaman mumbles some strange prayers to its god.
The gnoll shaman is healed somewhat.
The gnoll barely misses you.
Unknown command.
You barely miss the gnoll shaman.
The gnoll shaman is heavily wounded.
The gnoll hits you from afar with a +0 spear.
* * * LOW HITPOINT WARNING * * *
The gnoll shaman barely misses you. The gnoll barely misses you.
The gnoll shaman closely misses you.
You thump the gnoll shaman! You drain the gnoll shaman.
You kill the gnoll shaman!
You feel better. The gnoll barely misses you.
The gnoll hits you but does no damage.
Your Dodging skill increases to level 2!
Unknown command.
The gnoll is no longer moving quickly.
The gnoll hits you but does no damage.
You barely miss the gnoll. The gnoll barely misses you.
Unknown command.
You closely miss the gnoll. The gnoll hits you with a +0 club!
* * * LOW HITPOINT WARNING * * *
The gnoll hits you with a +0 spear.
* * * LOW HITPOINT WARNING * * *
The gnoll hits you with a +0 whip.
You die...

...##....≈≈###'#....'. ..
...##....≈≈≈.#.#....###'#####
...##.P..≈≈≈.#.#....#.#.....g
...##....≈≈≈.#.###'##.#....g.
.####....≈≈≈.#g.....#.#.....g .#
#....≈≈≈.#g.g..g'g'...... .#
#....≈≈≈.#)################## .#
#....≈≈≈.#.#g..........#....# .#
#....≈≈≈.#gg@..........'....'
.####...P≈≈###'#g..........#....#
....#....≈≈#.))#############''''#
###.#....≈≈#...#.................
#.#....≈≈#####≈≈≈≈≈≈≈≈≈≈≈≈....≈
###.#....≈≈≈≈≈≈≈≈≈≈≈≈≈≈≈≈≈≈≈....≈
...<#....≈≈≈≈≈≈≈≈≈≈≈≈≈≈≈≈≈≈≈....≈
###.#.....P......................
...)...................).........


You could see 4 gnolls.

Vanquished Creatures
  2 gnoll shamans (D:3)
  18 gnolls
  3 adders
  A worm (D:3)
  3 dart slugs (D:1)
  3 giant cockroaches
  7 goblins
  5 hobgoblins
  21 jackals
  5 kobolds
  A quokka (D:3)
  6 bats
  2 frilled lizards
  6 rats
83 creatures vanquished.

Vanquished Creatures (others)
  A quokka (D:3)
1 creature vanquished.

Grand Total: 84 creatures vanquished

Notes
Turn   | Place    | Note
-------+----------+-------------------------------------------
     0 | D:1      | Anon1729 the Ghoul Wanderer began the quest for the Orb.
     0 | D:1      | Anon1729 set off with the following items: a +0 spear, a +2
                  | scale mail, a scroll of teleportation
     0 | D:1      | Reached XP level 1. HP: 22/22 MP: 0/0
    69 | D:1      | Reached XP level 2. HP: 28/28 MP: 1/1
   576 | D:1      | Reached XP level 3. HP: 34/34 MP: 2/2
   628 | D:1      | Reached skill level 1 in Dodging
  1663 | D:2      | Reached XP level 4. HP: 29/41 MP: 3/3
  1888 | D:3      | Found a white marble altar of Elyvilon.
  2217 | D:3      | Reached skill level 5 in Fighting
  2874 | D:3      | Reached skill level 1 in Invocations
  2874 | D:3      | Reached XP level 5. HP: 9/48 MP: 4/4
  4196 | D:2      | Reached XP level 6. HP: 14/56 MP: 6/6
  4536 | D:3      | Reached skill level 1 in Short Blades
  4926 | D:3      | HP: 1/56 [gnoll/+0 spear (4)]
  4926 | D:3      | Slain by a gnoll

Illustrated notes

Levels and vault maps discovered:
D:1:      minmay_arrival_five_plusses, layout_basic, minivault_19, hex_tiny
D:2:      layout_loops_ring
D:3:      lemuel_castle_with_subvaults [lemuel_castle_interior_carwin_1],
          layout_basic, elyvilon_altar_4

Skill      XL: |  1  2  3  4  5  6 |
---------------+-------------------+-----
Dodging        | 1 2 |  2.0
Stealth        | 2 3 |  3.2
Armour         | 4 |  4.4
Fighting       | 5 |  5.6
Invocations    | 1 2 |  2.5
Short Blades   | 1 |  1.2
Throwing       | |  1.0

Action                   |  1- 3 |  4- 6 || total
-------------------------+-------+-------++-------
Melee: Spear             |   156 |   360 ||   516
       Flail             |       |    34 ||    34
Evoke: Wand              |       |     3 ||     3
  Use: Potion            |       |     1 ||     1
Armor: Scale mail        |    87 |   259 ||   346
Dodge: Dodged            |    78 |   249 ||   327

Table legend: (Time is in decaauts)
 A = Elapsed time spent in this place.
 B = Non-inter-level travel time spent in this place.
 C = Inter-level travel time spent in this place.
 D = Time resting spent in this place.
 E = Time spent auto-exploring this place.
 F = Levels seen in this place.
 G = Mean time per level.
                   A        B        C        D        E       F      G
               +--------+--------+--------+--------+--------+-----+--------+
         Total |   5012 |   4838 |    174 |   1213 |   2543 |   3 | 1670.7 |
       Dungeon |   5012 |   4838 |    174 |   1213 |   2543 |   3 | 1670.7 |
               +--------+--------+--------+--------+--------+-----+--------+

Top non-repeatable levels by time:
     D:3: 2080 daAuts
     D:2: 1905 daAuts
     D:1: 1027 daAuts
